cohdb
Replays
Latest Replays
All Replays
Popular Replays
Top Player Replays
Match Explorer
How It Works
Community
CoH3 Stats
Reddit
Sign in to upload your games and track your stats! →
Sign in with Steam
Match 39503829
Unlisted
Match 39503829
Overview
Messages
Build Orders
End
Panzergrenadier Squad
250 Light Carrier
Selects Panzerjäger Kommand Battlegroup
Selects Mine Fields
Construct Light Support Kompanie
Panzerjäger Squad
Panzerjäger Squad
Selects Tank Busters
2.5-tonne Medical Truck
Construct Mechanized Kompanie
Marder III Tank Destroyer
Marder III Tank Destroyer
Panzergrenadier Squad
Panzergrenadier Squad
MG34 Team
Veteran Squad Leaders
Selects Crew Shock Tactics
Construct Panzerarmee Kommand
Panzerpioneer Squad
Walking Stuka Rocket Launcher
Nuclear Viking
Ket
SNENS
$Zwaridel$
Vadice
Joker112
0
0
Comments
sign in to comment!
No comments posted yet!